[Event "Titled Tuesday Blitz March 01 Early 2022"]
[White "Rustemov, Alexander"]
[Black "Volkov, Maksim"]
[WhiteFideId "4119002"]
[BlackFideId "54123070"]
[WhiteElo "2799"]
[BlackElo "2081"]
[Result "1-0"]
[Round "05"]
[TimeControl "180+1"]
[Date "2022.03.01"]
[WhiteClock "0:01:47"]
[BlackClock "0:00:46"]

1. d4 d5 2. c4 e6 3. Nc3 c6 4. e3 Nf6 5. Nf3 Nbd7 6. Qc2 Bd6 7. Bd2 O-O 8. O-O-O b5 9. e4 Bb4 10. e5 Bxc3 11. Bxc3 Ne4 12. c5 f6 13. exf6 gxf6 14. Bd3 f5 15. Be1 Kh8 16. Nd2 e5 17. f3 Nxd2 18. Qxd2 e4 19. Bc2 Nf6 20. Bg3 Be6 21. Be5 Qd7 22. Rhf1 Rf7 23. fxe4 dxe4 24. g4 Kg8 25. Qg5+ Rg7 26. Qxf6 1-0


[Site "https://www.chess.com"]

[Event "Titled Tuesday Blitz March 01 Early 2022"]
[White "Sahin, Handenur"]
[Black "Aydin, Gulenay"]
[WhiteFideId "6334865"]
[BlackFideId "34557431"]
[WhiteElo "2192"]
[BlackElo "1429"]
[Result "0-1"]
[Round "05"]
[TimeControl "180+1"]
[Date "2022.03.01"]
[WhiteClock "0:00:01"]
[BlackClock "0:00:10"]

1. e4 c5 2. c3 d5 3. exd5 Qxd5 4. d4 Nf6 5. Nf3 Nc6 6. Be3 cxd4 7. cxd4 e6 8. Nc3 Qd6 9. Bd3 Be7 10. O-O O-O 11. Nb5 Qd8 12. Ne5 Nd5 13. Nxc6 bxc6 14. Nc3 Rb8 15. Rb1 g6 16. Bh6 Re8 17. Ne4 Nf6 18. Bc2 Ba6 19. Re1 Nxe4 20. Bxe4 c5 21. d5 exd5 22. Bxd5 Bf8 23. Bxf8 Rxf8 24. Qf3 Kg7 25. Rbd1 Qf6 26. Qe3 Rxb2 27. Qxc5 Rc8 28. Qxa7 Rcc2 29. Re7 Qxf2+ 30. Qxf2 Rxf2 31. Bf3 Rxa2 32. h4 Bc4 33. Rdd7 Rfd2 34. Rc7 Bb3 35. Rb7 Rab2 36. Kh2 h5 37. Kg3 Ba2 38. Bc6 Rxb7 39. Rxb7 Be6 40. Bf3 Rd3 41. Rb6 Kf6 42. Ra6 Rd4 43. Rb6 Rc4 44. Ra6 Ke5 45. Ra5+ Kf6 46. Ra6 Rc5 47. Ra7 Ke5 48. Ra4 f6 49. Re4+ Kd6 50. Re2 Bd5 51. Rd2 Ke5 52. Bxd5 Rxd5 53. Re2+ Kf5 54. Rf2+ Ke6 55. Re2+ Re5 56. Rc2 g5 57. Rc6+ Kf5 58. hxg5 fxg5 59. Kh3 Re3+ 60. Kh2 h4 61. Rc5+ Kg4 62. Rc4+ Kh5 63. Rc5 Kg4 64. Rc4+ Kf5 65. Rc5+ Kf4 66. Rc4+ Re4 67. Rxe4+ Kxe4 68. g3 Kf3 0-1


[Site "https://www.chess.com"]

[Event "Titled Tuesday Blitz March 01 Early 2022"]
[White "Samadov, Read"]
[Black "Jary, Sergey"]
[WhiteFideId "13417444"]
[BlackFideId "14110350"]
[WhiteElo "2084"]
[BlackElo "2260"]
[Result "0-1"]
[Round "05"]
[TimeControl "180+1"]
[Date "2022.03.01"]
[WhiteClock "0:00:02"]
[BlackClock "0:00:09"]

1. d4 Nf6 2. c4 g6 3. Nc3 Bg7 4. e4 d6 5. f4 O-O 6. Nf3 c5 7. d5 a6 8. a4 e6 9. Be2 exd5 10. cxd5 Re8 11. e5 dxe5 12. fxe5 Ng4 13. e6 fxe6 14. d6 Bd7 15. O-O Bc6 16. Kh1 Nd7 17. Ng5 Nge5 18. Bf4 Rc8 19. Qd2 c4 20. Rae1 b5 21. axb5 axb5 22. Qe3 h5 23. Qh3 b4 24. Nxe6 Qb6 25. Nxg7 Kxg7 26. Nd1 Qc5 27. Ne3 Nd3 28. Bxd3 cxd3 29. Rd1 Qb5 30. Qg3 Rf8 31. h4 Kh7 32. Bg5 Rxf1+ 33. Rxf1 Rg8 34. Kh2 Qc5 35. Rd1 Qd4 36. Qf4 Qxb2 37. Rxd3 Ne5 38. Rd1 Rg7 39. Kg3 Ra7 40. Bf6 Ra3 41. d7 Qxg2# 0-1


[Site "https://www.chess.com"]

[Event "Titled Tuesday Blitz March 01 Early 2022"]
[White "Samant Aditya S"]
[Black "Eynullayev, Atilla"]
[WhiteFideId "35080580"]
[BlackFideId "13413570"]
[WhiteElo "1916"]
[BlackElo "1979"]
[Result "1-0"]
[Round "05"]
[TimeControl "180+1"]
[Date "2022.03.01"]
[WhiteClock "0:00:29"]
[BlackClock "0:00:04"]

1. d4 Nf6 2. c4 e6 3. Nf3 d5 4. Nc3 dxc4 5. e4 b5 6. e5 Nd5 7. Nxb5 Nb6 8. Be2 Nc6 9. O-O Be7 10. Qd2 Bb7 11. Qf4 Qd7 12. Nc3 Nb4 13. Qg3 Rg8 14. b3 cxb3 15. axb3 a6 16. Bd2 O-O-O 17. Rfc1 Kb8 18. Na4 g5 19. Nc5 Bxc5 20. dxc5 Bxf3 21. cxb6 cxb6 22. Bxb4 Bxe2 23. Bd6+ Ka8 24. Qe3 Bb5 25. Qe4+ Qb7 26. Qb4 Ka7 27. Qxb5 Rxd6 28. exd6 1-0


[Site "https://www.chess.com"]

[Event "Titled Tuesday Blitz March 01 Early 2022"]
[White "Samarth, J Rao"]
[Black "Garagulya, Konstantin"]
[WhiteFideId "46652370"]
[BlackFideId "4128931"]
[WhiteElo "1514"]
[BlackElo "2329"]
[Result "1-0"]
[Round "05"]
[TimeControl "180+1"]
[Date "2022.03.01"]
[WhiteClock "0:01:49"]
[BlackClock "0:02:00"]

1. d4 Nf6 2. c4 e6 3. Nf3 d5 4. e3 Be7 5. Nc3 O-O 6. Qc2 b6 7. cxd5 exd5 8. Bd3 c5 9. O-O Nc6 10. Rd1 Nb4 11. Qe2 Nxd3 12. Qxd3 c4 13. Qe2 a6 14. e4 dxe4 15. Nxe4 b5 16. d5 Nxd5 17. Neg5 Bb7 18. Qe4 h6 19. Qh7# 1-0


[Site "https://www.chess.com"]

[Event "Titled Tuesday Blitz March 01 Early 2022"]
[White "Samunenkov, Ihor"]
[Black "Aldokhin, Ivan"]
[WhiteFideId "14187086"]
[BlackFideId "24115720"]
[WhiteElo "2406"]
[BlackElo "2231"]
[Result "0-1"]
[Round "05"]
[TimeControl "180+1"]
[Date "2022.03.01"]
[WhiteClock "0:00:01"]
[BlackClock "0:00:04"]

1. e4 c5 2. Nf3 e6 3. d4 cxd4 4. Nxd4 a6 5. c4 Qc7 6. Nc3 Nf6 7. a3 d6 8. Be2 Be7 9. O-O b6 10. Be3 Bb7 11. f3 Nbd7 12. Rc1 O-O 13. b4 Rac8 14. Qd2 Qb8 15. Rfd1 Bd8 16. Nb3 Bc7 17. Bf4 Ne5 18. Bxe5 dxe5 19. c5 b5 20. Qe3 Nh5 21. g3 f5 22. Rd7 Bc6 23. Re7 Rce8 24. Rxe8 Qxe8 25. Bd3 f4 26. Qf2 fxg3 27. hxg3 Qg6 28. Ne2 Bd8 29. Kf1 Qh6 30. Rd1 Nf6 31. Ke1 Ng4 32. Qg1 Ne3 33. Rd2 Rxf3 34. Ned4 exd4 35. Nxd4 Bf6 36. Nxf3 Bc3 37. Qf2 Ng4 38. Qe2 Qh1+ 39. Qf1 Qh6 40. Qe2 Qh3 41. Qg2 Bxd2+ 0-1


[Site "https://www.chess.com"]

[Event "Titled Tuesday Blitz March 01 Early 2022"]
[White "Sarkar, Justin"]
[Black "Borisova, Ekaterina"]
[WhiteFideId "2010011"]
[BlackFideId "34124184"]
[WhiteElo "2038"]
[BlackElo "2034"]
[Result "1/2-1/2"]
[Round "05"]
[TimeControl "180+1"]
[Date "2022.03.01"]
[WhiteClock "0:00:05"]
[BlackClock "0:00:07"]

1. d4 Nf6 2. c4 e6 3. Nc3 Bb4 4. a3 Bxc3+ 5. bxc3 d5 6. e3 O-O 7. Nf3 c5 8. Bd3 Nc6 9. O-O dxc4 10. Bxc4 b6 11. Qe2 Na5 12. Bd3 c4 13. Bxc4 Nxc4 14. Qxc4 Bb7 15. Qe2 Rc8 16. Bd2 Ne4 17. Rfc1 Nxd2 18. Nxd2 e5 19. Nf3 exd4 20. cxd4 Qf6 21. Ne5 Qd6 22. Qb2 h5 23. f3 h4 24. Rxc8 Rxc8 25. Rc1 h3 26. Rxc8+ Bxc8 27. g4 f6 28. Nc4 Qe7 29. Qb4 Qe6 30. Kf2 Ba6 31. Nd2 Qc6 32. Qe7 Qc2 33. Qe8+ Kh7 34. Qe4+ Qxe4 35. Nxe4 Bd3 36. Nd6 b5 37. e4 a5 38. Ke3 Bf1 39. d5 b4 40. axb4 axb4 41. Kd4 Be2 42. Nb7 Bxf3 43. d6 Bxg4 44. Nc5 b3 45. Nxb3 Kg6 46. Nc5 Kg5 47. d7 Bxd7 48. Nxd7 Kf4 49. Nf8 Kf3 50. Ng6 Kg2 51. Ke3 Kxh2 52. Kf2 Kh1 53. e5 fxe5 54. Nxe5 g5 55. Ng4 h2 56. Kg3 Kg1 57. Nxh2 g4 58. Nxg4 1/2-1/2


[Site "https://www.chess.com"]

[Event "Titled Tuesday Blitz March 01 Early 2022"]
[White "Savchenko, Boris"]
[Black "Molina, Roberto Junio Brito"]
[WhiteFideId "4147332"]
[BlackFideId "2109450"]
[WhiteElo "2512"]
[BlackElo "2402"]
[Result "1-0"]
[Round "05"]
[TimeControl "180+1"]
[Date "2022.03.01"]
[WhiteClock "0:00:37"]
[BlackClock "0:01:28"]

1. Nf3 d5 2. c4 c6 3. g3 dxc4 4. Bg2 b5 5. O-O Bb7 6. a4 e6 7. d3 cxd3 8. Ne5 a6 9. Nc3 Qb6 10. axb5 cxb5 11. Be3 Qc7 12. Bxb7 Qxb7 13. Qxd3 Nf6 14. Nxb5 axb5 15. Rxa8 Qxa8 16. Qxb5+ Nbd7 17. Rd1 Qc8 18. Rc1 Qd8 19. Nc6 Qa8 20. Na7 Bc5 21. Bxc5 Qb8 22. Ba3 1-0


[Site "https://www.chess.com"]

[Event "Titled Tuesday Blitz March 01 Early 2022"]
[White "Seo, Jung Min"]
[Black "Jones, Gawain C B"]
[WhiteFideId "1734687"]
[BlackFideId "409561"]
[WhiteElo "2401"]
[BlackElo "2657"]
[Result "0-1"]
[Round "05"]
[TimeControl "180+1"]
[Date "2022.03.01"]
[WhiteClock "0:00:37"]
[BlackClock "0:00:38"]

1. d4 Nf6 2. c4 g6 3. f3 c5 4. d5 e6 5. e4 d6 6. Nc3 Bg7 7. Be3 exd5 8. cxd5 O-O 9. Qd2 Nbd7 10. Nge2 a6 11. a4 Ne5 12. Ng3 h5 13. Be2 h4 14. Nf1 h3 15. g3 Bd7 16. g4 b5 17. Ng3 c4 18. O-O b4 19. Nd1 Qa5 20. Nf2 Rab8 21. Nxh3 c3 22. bxc3 bxc3 23. Qd1 Rb2 24. Nf4 Rfb8 25. g5 Nh7 26. h4 c2 27. Qe1 Qc7 28. h5 Rb1 29. Rxb1 cxb1=Q 30. Qxb1 Rxb1 31. Rxb1 Nxg5 32. hxg6 Nexf3+ 33. Kf2 Bd4 34. gxf7+ Kxf7 35. Bxf3 Qc2+ 36. Nfe2 Bxe3+ 37. Kxe3 Qxb1 0-1


[Site "https://www.chess.com"]

[Event "Titled Tuesday Blitz March 01 Early 2022"]
[White "Shafigullina, Zarina"]
[Black "Rozhkov, Viacheslav"]
[WhiteFideId "24174220"]
[BlackFideId "4181484"]
[WhiteElo "2062"]
[BlackElo "2324"]
[Result "1-0"]
[Round "05"]
[TimeControl "180+1"]
[Date "2022.03.01"]
[WhiteClock "0:00:12"]
[BlackClock "0:00:03"]

1. d4 d5 2. Nf3 Nf6 3. g3 e6 4. Bg2 Be7 5. O-O O-O 6. c4 dxc4 7. Ne5 Nc6 8. Nxc6 bxc6 9. Na3 Rb8 10. Nxc4 c5 11. Ne5 Bb7 12. Bxb7 Rxb7 13. Nc6 Qd7 14. Nxe7+ Qxe7 15. dxc5 Qxc5 16. Be3 Qh5 17. Qc1 Qxe2 18. b3 Nd5 19. Bc5 Rfb8 20. Rd1 a5 21. Rd4 Rb5 22. Qc4 Qf3 23. Rc1 h6 24. Ba3 Qf6 25. Rcd1 g6 26. Kg2 h5 27. h4 Qf5 28. Qd3 Qxd3 29. R1xd3 Nb4 30. Rc3 Nd5 31. Rc2 Kg7 32. Rdc4 Kf6 33. Kf3 R8b6 34. Bc5 Ra6 35. Bd4+ Ke7 36. Be5 Kd7 37. Bxc7 Rb4 38. Be5 Rxc4 39. Rxc4 f6 40. Bb2 e5 41. Ke4 Ke6 42. Rc8 f5+ 43. Kf3 e4+ 44. Ke2 Nb4 45. a3 Nd3 46. Bd4 Kd5 47. Ke3 Rc6 48. Rd8+ Ke6 49. Rg8 Kf7 50. Rg7+ Kf8 51. Ra7 Rc2 52. Rxa5 Rxf2 53. Ra8+ Kf7 54. Ra7+ Ke6 55. Ra6+ Kd5 56. Ra5+ Kc6 57. Ra6+ Kb7 58. Rxg6 Rf3+ 59. Kd2 Kc7 60. Rg5 Kd6 61. Rxh5 Kd5 62. Be3 Nb2 63. g4 Ke6 64. gxf5+ Ke5 65. f6+ Kxf6 66. a4 Nd3 67. a5 Rh3 68. a6 Rh2+ 69. Kc3 Ra2 70. Rh6+ Ke5 71. h5 Rxa6 72. Rxa6 1-0


[Site "https://www.chess.com"]

[Event "Titled Tuesday Blitz March 01 Early 2022"]
[White "Shtyka, Sergey"]
[Black "Bashirli, Nail"]
[WhiteFideId "4138465"]
[BlackFideId "13406809"]
[WhiteElo "2014"]
[BlackElo "2333"]
[Result "0-1"]
[Round "05"]
[TimeControl "180+1"]
[Date "2022.03.01"]
[WhiteClock "0:00:12"]
[BlackClock "0:00:37"]

1. e4 Nf6 2. e5 Nd5 3. c4 Nb6 4. a4 a5 5. d4 d6 6. exd6 exd6 7. Nf3 Be7 8. Bd3 O-O 9. O-O Bf6 10. h3 Nc6 11. Nc3 Re8 12. c5 dxc5 13. dxc5 Nb4 14. Bxh7+ Kxh7 15. Qxd8 Rxd8 16. cxb6 cxb6 17. Be3 Nc2 18. Bxb6 Rd6 19. Rac1 Rxb6 20. Rxc2 Bf5 21. Rd2 Be6 22. Nb5 Bc4 23. Rc1 Bxb5 24. axb5 Rxb5 25. Rc7 Rxb2 26. Rxb2 Bxb2 27. Rxb7 Bf6 28. Rb3 a4 29. Ra3 Bb2 30. Ra2 a3 31. Nd2 Rc8 32. Kh2 Rc2 33. Nb1 Be5+ 0-1


[Site "https://www.chess.com"]

[Event "Titled Tuesday Blitz March 01 Early 2022"]
[White "Shubenkova, Veronika"]
[Black "Zaksaite, Salomeja"]
[WhiteFideId "44124040"]
[BlackFideId "12801496"]
[WhiteElo "1938"]
[BlackElo "2002"]
[Result "1-0"]
[Round "05"]
[TimeControl "180+1"]
[Date "2022.03.01"]
[WhiteClock "0:01:34"]
[BlackClock "0:00:01"]

1. e4 c5 2. Nc3 e6 3. g3 d5 4. d3 dxe4 5. Nxe4 Bd7 6. Bg2 Bc6 7. Ne2 f5 8. Bg5 Be7 9. Nf4 Bxg5 10. Qh5+ g6 11. Nxg6 hxg6 12. Qxh8 fxe4 13. Qxg8+ Kd7 14. Qf7+ Qe7 15. Qxg6 exd3 16. Qxd3+ Kc7 17. Bxc6 Nxc6 18. f4 Rd8 19. Qe3 Bf6 20. c3 e5 21. O-O exf4 22. Qxf4+ Be5 23. Qf5 Qd6 24. Rad1 Qxd1 25. Rxd1 Rxd1+ 26. Kg2 Rd2+ 27. Kh3 Rxb2 28. Qf3 Rxa2 29. Qf7+ Kb6 30. Qxa2 Bxc3 31. Qb3+ Bb4 32. Kg2 a5 33. h4 Kb5 34. Qd3+ c4 35. Qd5+ Bc5 36. h5 c3 37. h6 c2 38. Qd3+ 1-0


[Site "https://www.chess.com"]

[Event "Titled Tuesday Blitz March 01 Early 2022"]
[White "Shukhman, Anna"]
[Black "Tarhan, Adar"]
[WhiteFideId "54180058"]
[BlackFideId "34544712"]
[WhiteElo "1628"]
[BlackElo "1802"]
[Result "0-1"]
[Round "05"]
[TimeControl "180+1"]
[Date "2022.03.01"]
[WhiteClock "0:00:31"]
[BlackClock "0:00:19"]

1. e4 c6 2. d4 d5 3. e5 Bf5 4. g4 Bg6 5. e6 fxe6 6. Nf3 Qd6 7. Ne5 Nd7 8. Bf4 Nxe5 9. Bxe5 Qb4+ 10. Nd2 Qxb2 11. Rb1 Qxa2 12. Rxb7 Bxc2 13. Qc1 Ba4 14. Rb2 Qxb2 15. Qxb2 Nf6 16. Qb7 Rd8 17. Bd3 Nxg4 18. Bc7 Rd7 19. Qc8+ Rd8 20. Qxd8+ Kf7 21. Nf3 g6 22. Ng5+ Kf6 23. f4 c5 24. Be5+ Nxe5 25. dxe5+ Kg7 26. Qe8 Bxe8 27. Nxe6+ Kh6 28. Rg1 Bd7 29. Ng5 Kg7 30. e6 Be8 31. Kd2 Kf6 32. Re1 Bh6 33. h4 Bc6 34. Kc3 Rb8 35. Nf7 Bg7 36. Ne5 Kxe6 37. Kc2 Bxe5 38. Rxe5+ Kd6 39. h5 Rb4 40. hxg6 hxg6 41. Bxg6 Rxf4 42. Re1 e5 43. Ra1 d4 44. Bd3 Be4 45. Ra6+ Kd5 46. Rxa7 Rf2+ 0-1


[Site "https://www.chess.com"]

[Event "Titled Tuesday Blitz March 01 Early 2022"]
[White "Shuvalov, Evgenij"]
[Black "Kostiukov, Alexandr"]
[WhiteFideId "4187237"]
[BlackFideId "14108100"]
[WhiteElo "2119"]
[BlackElo "2202"]
[Result "1-0"]
[Round "05"]
[TimeControl "180+1"]
[Date "2022.03.01"]
[WhiteClock "0:00:51"]
[BlackClock "0:00:01"]

1. Nf3 g6 2. c4 Bg7 3. d4 d6 4. e4 e5 5. dxe5 dxe5 6. Qxd8+ Kxd8 7. Nc3 f6 8. Bd2 c6 9. O-O-O Nd7 10. Na4 Bh6 11. c5 Ke7 12. Bc4 b5 13. cxb6 axb6 14. Nc3 b5 15. Bxg8 Bxd2+ 16. Nxd2 Rxg8 17. a3 Nc5 18. Kc2 Be6 19. b4 Na4 20. Nxa4 Rxa4 21. Kb2 Rga8 22. Ra1 f5 23. Rhc1 Kd6 24. f3 R4a7 25. Rc3 Bd7 26. Rac1 Rc8 27. Re1 Rac7 28. Rc5 Re8 29. Nb3 Be6 30. Rd1+ Ke7 31. Rxe5 Kf6 32. f4 Rce7 33. Rd6 fxe4 34. Nc5 g5 35. Nxe4+ Kg7 36. Nxg5 Bc4 37. Rxe7+ Rxe7 38. Kc3 Re2 39. g4 Re3+ 40. Kd4 Rxa3 41. Rd7+ Kf6 42. Nxh7+ Kg6 43. Nf8+ Kf6 44. h4 Rb3 45. Kc5 1-0


[Site "https://www.chess.com"]

[Event "Titled Tuesday Blitz March 01 Early 2022"]
[White "Sinitsina, Anastassia"]
[Black "Balaji, Aaravamudhan"]
[WhiteFideId "4504640"]
[BlackFideId "436224"]
[WhiteElo "2144"]
[BlackElo "2085"]
[Result "1-0"]
[Round "05"]
[TimeControl "180+1"]
[Date "2022.03.01"]
[WhiteClock "0:00:37"]
[BlackClock "0:00:43"]

1. Nf3 e6 2. g3 b6 3. Bg2 Bb7 4. O-O Nf6 5. b3 d5 6. Bb2 Be7 7. d4 O-O 8. Nbd2 Nbd7 9. Rc1 c5 10. c4 cxd4 11. Nxd4 Rc8 12. Qc2 Nc5 13. Qb1 Re8 14. Rfd1 Qc7 15. Nb5 Qb8 16. Qa1 Qa8 17. Be5 Nfd7 18. Bxg7 dxc4 19. Bxb7 Qxb7 20. Nxc4 Ne4 21. Bh6 e5 22. Qb1 Bg5 23. Bxg5 Nxg5 24. Qf5 Ne6 25. Nbd6 Qa8 26. Qxf7+ Kh8 27. Qxd7 Ng5 28. Nf7+ Nxf7 29. Qxf7 Rf8 30. Qd5 Qb8 31. Qxe5+ Qxe5 32. Nxe5 Rce8 33. f4 Rf6 34. Rd7 a5 35. Rcc7 Rh6 36. Nf7+ Kg7 37. Nxh6+ Kxh6 38. Rxh7+ Kg6 39. Rhe7 Kf5 40. Rxe8 Kg4 41. Kg2 Kf5 42. Re5+ Kf6 43. Rc6+ 1-0


[Site "https://www.chess.com"]

[Event "Titled Tuesday Blitz March 01 Early 2022"]
[White "Sovetbekova, Nurai"]
[Black "Escudero Donoso, Felipe"]
[WhiteFideId "13801910"]
[BlackFideId "3410595"]
[WhiteElo "1545"]
[BlackElo "2184"]
[Result "0-1"]
[Round "05"]
[TimeControl "180+1"]
[Date "2022.03.01"]
[WhiteClock "0:00:02"]
[BlackClock "0:00:08"]

1. d4 Nf6 2. c4 e6 3. g3 d5 4. Bg2 Be7 5. Nf3 O-O 6. O-O c6 7. Qc2 b6 8. Nbd2 Bb7 9. e4 Na6 10. a3 dxc4 11. Nxc4 c5 12. e5 Nd5 13. dxc5 Nxc5 14. b4 Nd7 15. Rd1 Rc8 16. Qb3 b5 17. Ne3 Nc3 18. Rd2 Qc7 19. Bb2 Ne4 20. Rc2 Qb8 21. Rac1 Nb6 22. Nd4 a6 23. Nc6 Bxc6 24. Rxc6 Nd2 25. Qd1 Ndc4 26. Qb3 Rxc6 27. Bxc6 Rd8 28. Nxc4 Nxc4 29. Bg2 Nxe5 30. Qc3 Bf6 31. Qc5 Nd3 32. Bxf6 gxf6 33. Qc3 Nxc1 34. Qxc1 Qd6 35. Bf3 Kg7 0-1


[Site "https://www.chess.com"]

[Event "Titled Tuesday Blitz March 01 Early 2022"]
[White "Stefanov, Plamen"]
[Black "Poormosavi, Seyed Kian"]
[WhiteFideId "2900980"]
[BlackFideId "12585807"]
[WhiteElo "2137"]
[BlackElo "2116"]
[Result "0-1"]
[Round "05"]
[TimeControl "180+1"]
[Date "2022.03.01"]
[WhiteClock "0:00:15"]
[BlackClock "0:00:38"]

1. e4 c6 2. d4 d5 3. e5 c5 4. c3 Nc6 5. Bb5 Qb6 6. Bxc6+ bxc6 7. Ne2 cxd4 8. cxd4 e6 9. O-O c5 10. Nbc3 c4 11. b3 cxb3 12. axb3 Ne7 13. Ba3 Nc6 14. Bxf8 Kxf8 15. Qc2 Bd7 16. Na4 Qb4 17. Nc5 Be8 18. Ra4 Qb5 19. f4 Rc8 20. f5 Nxd4 21. Nxd4 Qxc5 22. Qxc5+ Rxc5 23. fxe6 Bxa4 24. Rxf7+ Ke8 25. Rxa7 Rf8 26. Ra8+ Ke7 27. Rxf8 Kxf8 28. bxa4 g6 29. Kf2 Ke7 30. Ke3 Rc3+ 31. Kd2 Rc4 32. Kd3 Rxa4 33. g3 h5 34. Ke3 Ra3+ 35. Kf4 Ra4 36. Ke3 Rc4 37. h4 Ra4 38. Ne2 Kxe6 39. Nf4+ Kxe5 40. Nxg6+ Kf5 41. Ne7+ Ke6 42. Nc6 Rg4 43. Kf3 d4 44. Nb4 Kf5 45. Nd3 Re4 46. Nf4 Re3+ 47. Kf2 Kg4 48. Ne2 Rxe2+ 49. Kxe2 Kxg3 50. Kd3 Kxh4 51. Kxd4 Kg3 52. Ke3 h4 53. Ke2 Kg2 54. Ke3 h3 55. Kf4 h2 56. Kg4 h1=Q 0-1


[Site "https://www.chess.com"]

[Event "Titled Tuesday Blitz March 01 Early 2022"]
[White "Stepanencu, Nicodim-Cosmin"]
[Black "Petrova, Irina"]
[WhiteFideId "1256220"]
[BlackFideId "14124122"]
[WhiteElo "1809"]
[BlackElo "1988"]
[Result "1-0"]
[Round "05"]
[TimeControl "180+1"]
[Date "2022.03.01"]
[WhiteClock "0:00:27"]
[BlackClock "0:00:22"]

1. b3 e5 2. Bb2 Nc6 3. Nf3 d6 4. d4 e4 5. d5 exf3 6. dxc6 bxc6 7. exf3 Nf6 8. Qe2+ Be7 9. Bxf6 gxf6 10. Nc3 Be6 11. O-O-O d5 12. Qa6 Qd7 13. Bd3 f5 14. Na4 Ba3+ 15. Kb1 O-O 16. h3 Qd8 17. Qxc6 Bd7 18. Qxd5 Bxa4 19. Qxf5 Qh4 20. Rhe1 Qh6 21. Re4 Bc6 22. Rg4+ Kh8 23. Qe5+ f6 24. Qxc7 Rac8 25. Qxa7 Ra8 26. Qc7 Rac8 27. Qa7 Ra8 28. Qd4 Rfd8 29. Qc4 Bd5 30. Qf4 Be6 31. Qxh6 Bxg4 32. Qxh7# 1-0


[Site "https://www.chess.com"]

[Event "Titled Tuesday Blitz March 01 Early 2022"]
[White "Svane, Frederik"]
[Black "Moskalenko, Alexander"]
[WhiteFideId "12923044"]
[BlackFideId "4155351"]
[WhiteElo "2459"]
[BlackElo "2515"]
[Result "0-1"]
[Round "05"]
[TimeControl "180+1"]
[Date "2022.03.01"]
[WhiteClock "0:00:03"]
[BlackClock "0:00:24"]

1. c4 e6 2. Nf3 d5 3. e3 Nf6 4. Nc3 Nbd7 5. b3 Bd6 6. Bb2 O-O 7. d4 c6 8. Bd3 e5 9. Be2 e4 10. Nd2 Re8 11. Qc1 Nf8 12. Ba3 Bb8 13. Bxf8 Rxf8 14. a4 a5 15. Qa3 Bd6 16. c5 Bc7 17. b4 axb4 18. Qxb4 h5 19. O-O Ng4 20. h3 Qh4 21. Qb1 Nh6 22. Qe1 Bxh3 23. f4 Qxe1 24. Rfxe1 Ba5 25. Rec1 Bg4 26. Bf1 Nf5 27. Kf2 f6 28. Nb3 Bc7 29. Be2 g5 30. Bxg4 hxg4 31. g3 gxf4 32. gxf4 Kg7 33. Rg1 g3+ 34. Ke2 Rh8 35. Rg2 Rh2 36. Rg1 Rah8 37. Nd1 Rxg2+ 38. Rxg2 Rh1 39. Nd2 Ba5 40. Nf1 Kh6 41. Nb2 Rh3 42. Nd1 Kh5 43. Rg1 Kh4 0-1


[Site "https://www.chess.com"]

[Event "Titled Tuesday Blitz March 01 Early 2022"]
[White "Svane, Rasmus"]
[Black "Roberson, Peter T"]
[WhiteFideId "4657101"]
[BlackFideId "412384"]
[WhiteElo "2645"]
[BlackElo "2346"]
[Result "1-0"]
[Round "05"]
[TimeControl "180+1"]
[Date "2022.03.01"]
[WhiteClock "0:01:15"]
[BlackClock "0:01:03"]

1. Nf3 b6 2. g3 Bb7 3. Bg2 g6 4. O-O Bg7 5. d4 f5 6. c4 Nf6 7. Nc3 Ne4 8. Nxe4 Bxe4 9. d5 O-O 10. Bh3 Bxf3 11. exf3 a5 12. Re1 Na6 13. Qe2 Nc5 14. Bf4 e5 15. dxe6 Nxe6 16. Be5 Bxe5 17. Qxe5 Qf6 18. f4 Nd4 19. Qd5+ Kg7 20. Rad1 Nc2 21. Re2 Nb4 22. Qxd7+ Rf7 23. Qa4 Rd8 24. Rxd8 Qxd8 25. a3 Nc6 26. Qxc6 Qd1+ 27. Bf1 1-0


[Site "https://www.chess.com"]

[Event "Titled Tuesday Blitz March 01 Early 2022"]
[White "Tari, Aryan"]
[Black "Belyakov, Bogdan"]
[WhiteFideId "1510045"]
[BlackFideId "24104795"]
[WhiteElo "2567"]
[BlackElo "2407"]
[Result "0-1"]
[Round "05"]
[TimeControl "180+1"]
[Date "2022.03.01"]
[WhiteClock "0:00:12"]
[BlackClock "0:01:27"]

1. e4 e5 2. Nf3 Nc6 3. Bb5 Nf6 4. d3 Bc5 5. Bxc6 dxc6 6. Be3 Bd6 7. h3 O-O 8. Nc3 c5 9. Ne2 Be6 10. Nd2 Nd7 11. O-O Nb8 12. f4 exf4 13. Nxf4 Qe7 14. Qh5 Nc6 15. Nxe6 Qxe6 16. Bxc5 Qh6 17. Qxh6 Bxc5+ 18. Kh2 gxh6 19. c3 Be3 20. Nc4 Bg5 21. g3 Rfe8 22. h4 Be7 23. Rf3 Bf8 24. a4 Ne5 25. Nxe5 Rxe5 26. Raf1 Re7 27. d4 Rxe4 28. Rxf7 Bd6 29. Kg2 Rf8 30. Rxf8+ Bxf8 31. Kf2 Bd6 32. Kf3 Re8 33. Rd1 h5 34. c4 c6 35. c5 Bc7 36. d5 cxd5 37. Rxd5 Re5 38. Rxe5 Bxe5 39. g4 hxg4+ 40. Kxg4 Bxb2 41. Kf5 Bd4 42. Ke6 Bxc5 0-1


[Site "https://www.chess.com"]

[Event "Titled Tuesday Blitz March 01 Early 2022"]
[White "Tasev, Dejan"]
[Black "Krysa, Leandro"]
[WhiteFideId "936618"]
[BlackFideId "116807"]
[WhiteElo "2253"]
[BlackElo "2490"]
[Result "0-1"]
[Round "05"]
[TimeControl "180+1"]
[Date "2022.03.01"]
[WhiteClock "0:00:29"]
[BlackClock "0:00:10"]

1. e4 e5 2. Nf3 Nf6 3. Nxe5 d6 4. Nf3 Nxe4 5. Nc3 Nxc3 6. dxc3 Be7 7. Be3 Be6 8. Qd2 Nc6 9. Bd3 Qd7 10. O-O-O O-O-O 11. Kb1 Kb8 12. h3 h6 13. Rhe1 Rhe8 14. Bf1 Bf6 15. g4 a6 16. Bg2 Ne5 17. Nxe5 dxe5 18. Qe2 Qb5 19. Qxb5 axb5 20. Be4 Bg5 21. a3 Bxe3 22. fxe3 f6 23. Kc1 c6 24. Rxd8+ Rxd8 25. Rd1 Rh8 26. Rd6 Bc8 27. Bg6 Kc7 28. Rd2 Be6 29. Kd1 Rf8 30. e4 Rd8 31. Rxd8 Kxd8 32. b3 Ke7 33. Kd2 Bf7 34. Bxf7 Kxf7 35. Kd3 g6 36. c4 Ke6 37. cxb5 cxb5 38. c4 bxc4+ 39. Kxc4 f5 40. gxf5+ gxf5 41. exf5+ Kxf5 42. Kd3 Kf4 43. Ke2 Ke4 44. b4 Kd4 45. h4 b5 46. Kd2 Kc4 47. Kc2 h5 48. Kb2 e4 49. Kc2 e3 50. Kd1 Kb3 51. Ke2 Kxa3 52. Kxe3 Kxb4 53. Kf4 Kc5 54. Kg5 b4 55. Kxh5 b3 56. Kg6 b2 57. h5 b1=Q+ 58. Kg7 Qg1+ 59. Kf6 Qg8 60. h6 Qh7 0-1


[Site "https://www.chess.com"]

[Event "Titled Tuesday Blitz March 01 Early 2022"]
[White "Tashkov, Rumen"]
[Black "Lauridsen, Jesper Morch"]
[WhiteFideId "2904004"]
[BlackFideId "1401890"]
[WhiteElo "2181"]
[BlackElo "2175"]
[Result "0-1"]
[Round "05"]
[TimeControl "180+1"]
[Date "2022.03.01"]
[WhiteClock "0:00:16"]
[BlackClock "0:01:00"]

1. d4 Nf6 2. c4 e6 3. g3 c5 4. d5 exd5 5. cxd5 b5 6. Nf3 d6 7. e4 Bg4 8. Bxb5+ Nbd7 9. Nc3 Be7 10. h3 Bxf3 11. Qxf3 O-O 12. O-O Ne5 13. Qd1 c4 14. f4 Nd3 15. Bxc4 Qb6+ 16. Kg2 Nxb2 17. Qb3 Nxc4 18. Qxc4 Rfc8 19. Qd3 Rxc3 20. Qxc3 Nxe4 21. Qe3 Bf6 22. Qxb6 axb6 23. Rb1 Rxa2+ 24. Kf3 Nc5 25. Rxb6 g6 26. Rxd6 Kg7 27. Rc6 Nd3 28. Be3 Nb4 29. Rd6 Ra3 30. Rd7 Nc2 31. Rc1 Nxe3 32. Rcc7 Nxd5+ 33. Ke4 Nxc7 34. Rxc7 Rxg3 0-1


[Site "https://www.chess.com"]